 Dungeon Crawl Stone Soup version 0.30-a0-1016-gfb0d676c02 (webtiles) character file.

Game seed: 5880475038151113702

48 porpoise the Shooter (level 3, -1/23 HPs)
             Began as a Tengu Hunter on Apr 7, 2023.
             Constricted to death by Sigmund (2 damage)
             ... on level 2 of the Dungeon.
             The game lasted 00:03:43 (1058 turns).

porpoise the Shooter (Tengu Hunter)                 Turns: 1058, Time: 00:03:44

Health: -1/23      AC:  6    Str: 11    XL:     3   Next: 72%
Magic:  4/4        EV:  8    Int:  9    God:
Gold:   48         SH:  0    Dex: 19    Spells: 2/2 levels left

rFire   . . .      SeeInvis .    a - +0 shortbow
rCold   . . .      Faith    .    (shield currently unavailable)
rNeg    . . .      Spirit   .    l - +0 ring mail
rPois   .          Reflect  .    h - +1 hat
rElec   .          Rampage  .    (no cloak)
rCorr   .                        (no gloves)
Will    .....                    (boots unavailable)
Stlth   +                        (no amulet)
HPRegen 0.23/turn                (no ring)
MPRegen 0.09/turn                (no ring)

@: grasped by roots, constricted
A: beak, talons 3
a: no special abilities


You were on level 2 of the Dungeon.
You visited 1 branch of the dungeon, and saw 2 of its levels.

You collected 48 gold pieces.

Inventory:

Hand Weapons
 a - a +0 shortbow (weapon)
Armour
 h - a +1 hat (worn)
 l - a +0 ring mail (worn)
Wands
 m - a wand of paralysis (16)
Scrolls
 b - a scroll of immolation
 c - a scroll of magic mapping {unknown}
 d - a scroll of teleportation {unknown}
 i - 2 scrolls of vulnerability {unknown}
 j - a scroll of butterflies {unknown}
 n - a scroll of amnesia {unknown}
Potions
 e - 3 potions of curing {unknown}
 f - 2 potions of flight {unknown}
 g - a potion of mutation {unknown}
 k - a potion of heal wounds {unknown}
 o - a potion of cancellation {unknown}


   Skills:
 + Level 3.1 Fighting
 + Level 5.1 Ranged Weapons
 - Level 2.1 Dodging
 - Level 1.0 Stealth


You had 2 spell levels left.
You didn't know any spells.
Your spell library contained the following spells:

 Spells                   Type           Power      Damage    Failure   Level
 Ignite Poison            Fire/Tmut/Pois 0%         N/A       96%         3
 Sticky Flame             Conj/Fire      0%         2d3       100%        4
 Ignition                 Fire           0%         3d3       100%        8


Dungeon Overview and Level Annotations

Branches:
Dungeon (2/15)

Altars:

Annotations:
D:2 Sigmund


Innate Abilities, Weirdness & Mutations

You have a beak for a mouth.
You have claws for feet.


Message History

Found 4 stones.
Sigmund the Dreaded comes into view.
He is wielding a +0 scythe and carrying a wand of roots (4).
Sigmund hits you from afar with a +0 scythe!
You shoot an arrow. The arrow completely misses Sigmund.
Sigmund barely misses you.
You shoot an arrow. The arrow closely misses Sigmund.
Sigmund zaps a wand.
The roots erupt in riotous growth!
The grasping roots grab you! The grasping roots constrict you.
You shoot an arrow. The arrow closely misses Sigmund.
Sigmund misses you. The grasping roots constrict you.
You shoot an arrow.
The arrow hits Sigmund but does no damage.
Sigmund closely misses you. The grasping roots constrict you.
The grasping roots release their grip on you.
You shoot an arrow. The arrow hits Sigmund.
Sigmund is lightly wounded.
Sigmund zaps a wand.
The roots erupt in riotous growth!
The grasping roots grab you! The grasping roots constrict you.
You are too injured to fight recklessly!
You are too injured to fight recklessly!
You are too injured to fight recklessly!
You are too injured to fight recklessly!
You are too injured to fight recklessly!
Fire: a) +0 shortbow
Press: ? - help, Q - select action, (/) - cycle Shift-Dir - straight line, f/p - Sigmund
Aim: Sigmund, wielding a +0 scythe, wearing a +0 robe and carrying a wand of roots (2) (lightly wounded, 61% to hit)
You shoot an arrow. The arrow hits Sigmund.
Sigmund is moderately wounded.
Sigmund hits you but does no damage. The grasping roots constrict you.
* * * LOW HITPOINT WARNING * * *
Fire: a) +0 shortbow
Press: ? - help, Q - select action, (/) - cycle Shift-Dir - straight line, f/p - Sigmund
Aim: Sigmund, wielding a +0 scythe, wearing a +0 robe and carrying a wand of roots (2) (moderately wounded, 61% to hit)
You shoot an arrow. The arrow barely misses Sigmund.
Sigmund hits you from afar with a +0 scythe.
* * * LOW HITPOINT WARNING * * *
The grasping roots constrict you.
You die...

##### ##
####(... ..#
#### ##
......###.##...
.. #.....
...#.## #.
#..#.###...).##
#.
#...@.##......#
#.
#.@#<.##.....#
##. #.
#........# #..
#..#.###..#.#
#..
......(...#.#
#..
#.........#'##
#..
#.########>..##
#.. #.#
##.....## #.#
#####.##
##.......## #..


You could see Sigmund.

Vanquished Creatures
  2 worms (D:2)
  A dart slug (D:1)
  A ball python (D:1)
  2 bats
  2 endoplasms (D:1)
  A giant cockroach (D:1)
  5 goblins
  5 hobgoblins (D:1)
  6 jackals (D:1)
  4 kobolds
  2 quokkas
  2 frilled lizards
33 creatures vanquished.

Vanquished Creatures (others)
  A plant (D:1)
1 creature vanquished.

Grand Total: 34 creatures vanquished

Notes
Turn   | Place    | Note
-------+----------+-------------------------------------------
     0 | D:1      | porpoise the Tengu Hunter began the quest for the Orb.
     0 | D:1      | Reached XP level 1. HP: 12/12 MP: 2/2
    91 | D:1      | Reached XP level 2. HP: 18/18 MP: 3/3
   247 | D:1      | Reached XP level 3. HP: 22/22 MP: 4/4
   275 | D:1      | Reached skill level 5 in Ranged Weapons
  1051 | D:2      | Noticed Sigmund
  1058 | D:2      | HP: 1/23 [Sigmund/+0 scythe (2)]
  1058 | D:2      | Constricted to death by Sigmund

Illustrated notes

Levels and vault maps discovered:
D:1:      kennysheep_arrival_seaside, layout_rooms, grunt_decor_junction
D:2:      layout_loops_corners, minivault_5, uniq_sigmund

Skill      XL: |  1  2  3 |
---------------+----------+-----
Ranged Weapons | 5 |  5.1
Fighting       | 3 |  3.1
Dodging        | |  2.1
Stealth        | |  1.0

Action                     || total
---------------------------++-------
   Fire: Shortbow          ||   112
 Armour: Leather armour    ||    10
         Ring mail         ||     8
  Dodge: Dodged            ||    45

Table legend: (Time is in decaauts)
 A = Elapsed time spent in this place.
 B = Non-inter-level travel time spent in this place.
 C = Inter-level travel time spent in this place.
 D = Time resting spent in this place.
 E = Time spent auto-exploring this place.
 F = Levels seen in this place.
 G = Mean time per level.
                   A        B        C        D        E       F      G
               +--------+--------+--------+--------+--------+-----+--------+
         Total |   1105 |   1079 |     26 |     22 |    763 |   2 |  552.5 |
       Dungeon |   1105 |   1079 |     26 |     22 |    763 |   2 |  552.5 |
               +--------+--------+--------+--------+--------+-----+--------+

Top non-repeatable levels by time:
     D:1: 656 daAuts
     D:2: 448 daAuts
